 Dungeon Crawl Stone Soup version 0.27-a0-828-g8289197e94 (webtiles) character file.

Game seed: 6723736942811611894

520 polve the Changer (level 7, -3/67 HPs)
             Began as a Pale Draconian Transmuter on Mar 30, 2021.
             Slain by an acid dragon (14 damage)
             ... on level 5 of the Dungeon.
             The game lasted 00:06:36 (5262 turns).

polve the Changer (Pale Draconian Transmuter)       Turns: 5262, Time: 00:06:37

Health: -3/67      AC:  3    Str: 12    XL:     7   Next: 1%
Magic:  0/10       EV:  7    Int: 16    God:
Gold:   222        SH:  0    Dex: 11    Spells: 2/10 levels left

rFire    + . .     SeeInvis .     - Unarmed
rCold    . . .     Faith    .   (shield currently unavailable)
rNeg     . . .     Spirit   .   (armour unavailable)
rPois    +         Reflect  .   (helmet currently unavailable)
rElec    .         Harm     .   (cloak currently unavailable)
rCorr    .         Rampage  .   (gloves currently unavailable)
Will     .....                  (boots currently unavailable)
Stlth    +.........             i - amulet of the acrobat
HPRegen  0.21/turn              n - ring of protection from fire
MPRegen  0.12/turn              (no ring)

@: hydra-form, corroded, very slightly contaminated
A: fast swimmer, devour, amphibious, boosted hp, (breathe steam), AC +6, very
large, unfitting armour, (cold-blooded), (steam resistance)
a: End Transformation


You were on level 5 of the Dungeon.
You were a three-headed hydra.
You visited 1 branch of the dungeon, and saw 5 of its levels.

You collected 222 gold pieces.

Inventory:

Hand Weapons
 m - a +1 dagger of speed (melded)
Jewellery
 i - an amulet of the acrobat (around neck)
 n - a ring of protection from fire (left foreclaw)
Wands
 h - a wand of random effects (23)
Scrolls
 a - 2 scrolls of noise {unknown}
 c - 4 scrolls of identify {unknown}
 d - 3 scrolls of teleportation {unknown}
 e - a scroll of enchant armour {unknown}
 f - a scroll of fog {unknown}
 g - 3 scrolls of immolation {unknown}
Potions
 b - 2 potions of ambrosia


   Skills:
 - Level 1.1 Fighting
 - Level 1.7 Dodging
 - Level 3.0 Unarmed Combat
 - Level 2.0 Spellcasting
 + Level 7.7 Transmutations


You had 2 spell levels left.
You knew the following spells:

 Your Spells              Type           Power      Damage    Failure   Level
a - Hydra Form            Tmut           13%        N/A       24%         5
c - Beastly Appendage     Tmut           52%        N/A       1%          1
z - Wereblood             Tmut           26%        N/A       1%          2

Your spell library contained the following spells:

 Spells                   Type           Power      Damage    Failure   Level
 Animate Skeleton         Necr           2%         N/A       21%         1
 Apportation              Tloc           2%         N/A       21%         1
 Corona                   Hex            1%         N/A       21%         1
 Summon Small Mammal      Summ           4%         N/A       21%         1
 Spider Form              Tmut/Pois      6%         N/A       13%         3
 Ice Form                 Ice/Tmut       13%        N/A       38%         4


Dungeon Overview and Level Annotations

Branches:
Dungeon (5/15)
 Temple: D:4-7

Altars:
Ashenzari
Elyvilon
Fedhas
Makhleb
Okawaru
Qazlal


Innate Abilities, Weirdness & Mutations

You are a three-headed hydra.
You swim very quickly.
You can devour living enemies to heal.
You are amphibious.
Your maximum health is greatly increased.
Your armour is entirely melded.
You are incapable of wielding weapons or throwing items.
((You can breathe blasts of scalding, opaque steam.))
((Your pale cyan-grey scales are hard. (AC +6)))
You cannot fit into any form of body armour.
((You are cold-blooded and may be slowed by cold attacks.))
((You are immune to the effects of steam.))


Message History

Press: ? - help, Shift-Dir - straight line, f - acid dragon
Aim: an acid dragon You fail to use your ability.
The acid dragon spits acid at you. The splash of acid hits you!
You are splashed with acid!
Press: ? - help, Shift-Dir - straight line, f/p - acid dragon
Aim: an acid dragon (catching its breath)
You exhale a blast of scalding steam.
Casting: Hydra Form (quite dangerous; 24% risk of failure)
Confirm with . or Enter, or press ? or * to list all spells.
The spell is quite dangerous to cast (24% risk of failure)!
Continue anyway?
You miscast Hydra Form.
You are very lightly contaminated with residual magic.
Nothing appears to happen.
Casting: Hydra Form (quite dangerous; 24% risk of failure)
Confirm with . or Enter, or press ? or * to list all spells.
The spell is quite dangerous to cast (24% risk of failure)!
Continue anyway?
You turn into a three-headed hydra.
Your +1 dagger of speed melds into your body.
The acid dragon is engulfed in a cloud of scalding steam.
The acid dragon barely misses you. The acid dragon claws you.
You barely miss the acid dragon.
The acid dragon is lightly wounded.
You nip at the acid dragon but do no damage.
The acid dragon is lightly wounded.
You have got your breath back.
The acid dragon is engulfed in a cloud of scalding steam.
The acid dragon bites you! The acid dragon barely misses you.
A kobold comes into view. It is wielding a +0 dagger.
You bite the acid dragon!
The acid dragon is almost dead.
The acid dragon spits acid at you. The splash of acid hits you!
* * * LOW HITPOINT WARNING * * *
The acid corrodes you!
You are splashed with acid.
* * * LOW HITPOINT WARNING * * *
You nip at the acid dragon but do no damage.
The acid dragon is almost dead.
The acid dragon bites you!
You die...

#......#..≈#..#.##
#.=§...#...#..###
#.§.....).K...#
#.......).....#######
###...#...#####.....
+_#.§§..#..####.....
####.§...##....#.....
#...D..#).####.......
#...D.##.)...........
#......)#..####......
#...###).#.# #.....#
.....#####.#.####.....#
.......................#
........................
#############.....####.#
####### #.# #.#


You could see an acid dragon (catching breath) and a kobold.

Vanquished Creatures
  An ogre (D:4)
  2 kobold brigands (D:5)
  A scorpion (D:4)
  A hound (D:4)
  An orc priest (D:3)
  An iguana (D:2)
  4 gnolls (D:4)
  2 adders (D:4)
  A shadow imp (D:5)
  A worm (D:2)
  2 dart slugs
  5 orcs (D:3)
  2 ball pythons
  5 endoplasms
  4 giant cockroaches
  7 goblins
  6 hobgoblins
  15 jackals
  16 kobolds
  2 quokkas (D:3)
  4 bats
  4 frilled lizards
  5 rats
92 creatures vanquished.

Notes
Turn   | Place    | Note
-------+----------+-------------------------------------------
     0 | D:1      | polve the Draconian Transmuter began the quest for the Orb.
     0 | D:1      | Reached XP level 1. HP: 16/16 MP: 3/3
    58 | D:1      | Reached XP level 2. HP: 12/23 MP: 3/5
   472 | D:1      | Reached skill level 3 in Transmutations
  1516 | D:2      | Found an iron altar of Okawaru.
  1561 | D:2      | Reached XP level 3. HP: 19/28 MP: 6/6
  2337 | D:3      | Reached skill level 4 in Transmutations
  2360 | D:2      | HP: 1/28 [iguana (6)]
  2370 | D:2      | Reached XP level 4. HP: 35/35 MP: 7/7
  2494 | D:3      | HP: 1/35 [orc/+0 mace (5)]
  2497 | D:3      | Reached skill level 5 in Transmutations
  2923 | D:3      | Found a faded altar of an unknown god.
  3479 | D:4      | Found a blossoming altar of Fedhas.
  3489 | D:4      | Noticed an ogre
  3496 | D:4      | Killed an ogre
  3497 | D:4      | Reached XP level 5. HP: 29/40 MP: 6/8
  3636 | D:4      | Reached skill level 6 in Transmutations
  3893 | D:4      | Reached XP level 6. HP: 18/47 MP: 9/9
  4442 | D:4      | Found a white marble altar of Elyvilon.
  4817 | D:4      | Learned a level 2 spell: Wereblood
  4823 | D:4      | Learned a level 5 spell: Hydra Form
  4859 | D:5      | Entered Level 5 of the Dungeon
  4862 | D:5      | Noticed a water elemental
  4863 | D:5      | Found a stormy altar of Qazlal.
  4868 | D:5      | Noticed a fire elemental
  4873 | D:5      | Noticed an air elemental
  5011 | D:5      | Found a burning altar of Makhleb.
  5049 | D:5      | Found a broken altar of Ashenzari.
  5058 | D:5      | Reached skill level 7 in Transmutations
  5175 | D:5      | Your scales start taking on a pale cyan-grey colour.
  5175 | D:5      | Reached XP level 7. HP: 52/52 MP: 4/10
  5175 | D:5      | Gained mutation: You are immune to the effects of steam.
                  | [Pale Draconian growth]
  5262 | D:5      | Slain by an acid dragon

Illustrated notes

Levels and vault maps discovered:
D:1:      wander_arrival_peaceful_grave, layout_basic, hangedman_decor_points
D:2:      layout_basic, okawaru_gym_becter, minmay_tripent
D:3:      layout_rooms, chequers_ecumenical_altar_simple_redux
D:4:      layout_rooms, elyvilon_altar_3, chequers_decorated_corner,
          fedhas_altar_1
D:5:      cheibrodos_thug_alley, layout_rooms, lemuel_doored_altar,
          nicolae_qazlal_style_of_elements, ashenzari_conservatory_becter,
          basic_altar, grunt_decor_cap

Skill      XL: |  1  2  3  4  5  6 |
---------------+-------------------+-----
Transmutations | 3 4 5 6 7 |  7.7
Fighting       | |  1.1
Dodging        | |  1.7
Unarmed Combat | |  3.0
Spellcasting   | |  2.0

Action                   |  1- 3 |  4- 6 |  7- 9 || total
-------------------------+-------+-------+-------++-------
Melee: Unarmed           |   127 |    66 |     8 ||   201
       Tailslap          |    17 |    16 |       ||    33
       Kick              |    17 |    44 |       ||    61
       Headbutt          |    13 |    25 |       ||    38
       Dagger            |       |   167 |       ||   167
 Cast: Beastly Appendage |    16 |    29 |       ||    45
       Hydra Form        |       |     1 |     1 ||     2
 Abil: Breathe Steam     |       |       |     1 ||     1
  Use: Potion            |     1 |     5 |       ||     6
 Stab: Sleeping          |       |     2 |       ||     2
Armor: Skin              |    31 |    59 |       ||    90
Dodge: Dodged            |    75 |    94 |     3 ||   172

Table legend: (Time is in decaauts)
 A = Elapsed time spent in this place.
 B = Non-inter-level travel time spent in this place.
 C = Inter-level travel time spent in this place.
 D = Time resting spent in this place.
 E = Time spent auto-exploring this place.
 F = Levels seen in this place.
 G = Mean time per level.
                   A        B        C        D        E       F      G
               +--------+--------+--------+--------+--------+-----+--------+
         Total |   5199 |   5033 |    166 |    293 |   4013 |   5 | 1039.8 |
       Dungeon |   5199 |   5033 |    166 |    293 |   4013 |   5 | 1039.8 |
               +--------+--------+--------+--------+--------+-----+--------+

Top non-repeatable levels by time:
     D:4: 1413 daAuts
     D:2: 1209 daAuts
     D:1: 1167 daAuts
     D:3: 1074 daAuts
     D:5: 335 daAuts
